 Dungeon Crawl Stone Soup version bcrawl-1.19.1 (webtiles) character file.

Game seed: 17582294315117871909

475 Anathary the Chopper (level 6, 0/79 HPs)
             Began as a Minotaur Fighter on Dec 12, 2019.
             Slain by Ijyb
             ... wielding a +1 dagger of electrocution
              (16 damage)
             ... on level 4 of the Dungeon on Dec 13, 2019.
             The game lasted 00:11:08 (3360 turns).

Anathary the Chopper (Minotaur Fighter)             Turns: 3360, Time: 00:11:08

Health: 0/79       AC: 23    Str: 22    XL:     6   Next: 84%
Magic:  5/5        EV:  2    Int:  5    God:
Gold:   160        SH: 10    Dex: 10    Spells: 5/5 levels left

rFire    . . .     SeeInvis .   a - +0 war axe
rCold    . . .     Gourm    .   c - +0 shield
rNeg     + + +     Faith    .   (armour currently unavailable)
rPois    +         Spirit   .   (helmet currently unavailable)
rElec    .         Reflect  .   (cloak currently unavailable)
rCorr    .         Harm     .   (gloves currently unavailable)
MR       .....     NoTele   +   (boots currently unavailable)
Stlth    +.........             (no amulet)
HPRegen  0.23/turn              j - ring of positive energy
MPRegen  0.09/turn              (no ring)

@: tree-form (expiring)
A: (retaliatory headbutt)
a: no special abilities


You were on level 4 of the Dungeon.
You were not hungry.
You were a tree.
You visited 1 branch of the dungeon, and saw 4 of its levels.

You collected 160 gold pieces.

Inventory:

Hand Weapons
 a - a +0 war axe (weapon)
Armour
 b - a +0 scale mail (melded)
 c - a +0 shield (worn)
Jewellery
 j - a ring of positive energy (left branch)
 k - a +5 ring of strength
 l - an uncursed ring of stealth {unknown}
Scrolls
 g - a scroll of immolation {unknown}
 h - a scroll of teleportation {unknown}
 i - a scroll of blinking {unknown}
 m - 3 scrolls of identify
 n - a scroll of amnesia {unknown}
 o - a scroll of fog {unknown}
 p - a scroll of enchant weapon {unknown}
Potions
 d - 2 potions of might
 e - a potion of lignification {unknown}
 q - a potion of agility {unknown}
 r - a potion of berserk rage {unknown}
Comestibles
 f - 3 rations {!d}


   Skills:
 + Level 4.7 Fighting
 + Level 6.1 Axes
 + Level 5.0 Armour
 + Level 1.6 Dodging
 + Level 0.4 Stealth
 + Level 5.3 Shields


You had 5 spell levels left.
You didn't know any spells.
Your spell library was empty.

Dungeon Overview and Level Annotations

Branches:
Dungeon (4/12)
 Temple: D:4-7

Altars:
Dithmenos
Wu Jian

Shops:
D:4 (

Annotations:
D:4 Ijyb


Innate Abilities, Weirdness & Mutations

((You reflexively headbutt those who attack you in melee.))
((You have a pair of horns on your head.))


Message History

Ijyb hits you but does no damage.
Your transformation is almost over.
You block Ijyb's attack.
You closely miss Ijyb.
Ijyb is lightly wounded.
Ijyb hits you but does no damage.
You closely miss Ijyb.
Ijyb is lightly wounded.
Ijyb zaps a wand.
You resist with some effort.
Your shield prevents you from hitting Ijyb.
Ijyb is lightly wounded.
You block Ijyb's attack.
You barely miss Ijyb.
Ijyb is lightly wounded.
Ijyb screams, "Me stronger than you!" You block Ijyb's attack.
Ijyb zaps a wand.
You resist with some effort.
You hit Ijyb.
Ijyb is moderately wounded.
Ijyb hits you but does no damage.
You are electrocuted!
You die...

#.###..#....## .#...
....#....#...# ...#
.#...........##...#
.......##.........##.
.......###...........
###.#..(##......#....
###...#............
#....#...#....#.#.
##.#.♣g..##..## #
##........g..
##........#...
##.......# #.
#...#..## #...####
#.## ##


You could see Ijyb.

Vanquished Creatures
  Duvessa (D:4)
  Dowan (D:4)
  Crazy Yiuf (D:2)
  2 orc priests (D:3)
  Terence (D:2)
  2 worker ants (D:4)
  4 adders
  An ooze (D:2)
  A worm (D:2)
  A dart slug (D:1)
  4 leopard geckos
  15 orcs
  3 giant cockroaches
  5 goblins
  9 hobgoblins
  8 jackals (D:1)
  A quokka (D:2)
  7 bats
  6 frilled lizards
  13 kobolds
  A quokka skeleton (D:4)
  22 rats
109 creatures vanquished.

Notes
Turn   | Place    | Note
-------+----------+-------------------------------------------
     0 | D:1      | Anathary the Minotaur Fighter began the quest for the Orb.
     0 | D:1      | Reached XP level 1. HP: 19/19 MP: 0/0
    34 | D:1      | Reached XP level 2. HP: 26/27 MP: 1/1
   390 | D:1      | Reached skill level 3 in Axes
   434 | D:1      | Reached XP level 3. HP: 26/33 MP: 2/2
  1240 | D:2      | Found a runed door.
  1244 | D:2      | Noticed Crazy Yiuf
  1250 | D:2      | Killed Crazy Yiuf
  1250 | D:2      | Reached XP level 4. HP: 29/40 MP: 3/3
  1400 | D:2      | Found a shadowy altar of Dithmenos.
  1409 | D:2      | Reached skill level 4 in Axes
  1671 | D:2      | Found an ornate altar of the Wu Jian Council.
  1683 | D:2      | Noticed Terence
  1696 | D:2      | Killed Terence
  1696 | D:2      | Reached XP level 5. HP: 32/46 MP: 4/4
  2060 | D:3      | Reached skill level 1 in Dodging
  2388 | D:3      | Reached skill level 5 in Axes
  2757 | D:3      | Reached XP level 6. HP: 39/53 MP: 5/5
  3115 | D:4      | Found Otujuipu's Weapon Shoppe.
  3143 | D:4      | Noticed Duvessa
  3143 | D:4      | Noticed Dowan
  3162 | D:4      | Killed Duvessa
  3162 | D:4      | Reached skill level 5 in Shields
  3193 | D:4      | Killed Dowan
  3193 | D:4      | Reached skill level 5 in Armour
  3199 | D:4      | Reached skill level 6 in Axes
  3314 | D:4      | Noticed Ijyb
  3360 | D:4      | Slain by Ijyb

Skill      XL: |  1  2  3  4  5  6 |
---------------+-------------------+-----
Fighting       | 4 |  4.7
Axes           | 3 4 5 6 |  6.1
Shields        | 4 5 |  5.3
Armour         | 4 5 |  5.0
Dodging        | 1 |  1.6
Stealth        | |  0.4

Action                   |  1- 3 |  4- 6 || total
-------------------------+-------+-------++-------
Melee: War axe           |    98 |   155 ||   253
       Headbutt          |     8 |    21 ||    29
       Unarmed           |       |     1 ||     1
  Use: Scroll            |     1 |       ||     1
  Eat: Ration            |     1 |     1 ||     2
       Chunk             |       |     1 ||     1
Armor: Scale mail        |    40 |    45 ||    85
       Skin              |       |     6 ||     6
Dodge: Dodged            |    37 |    43 ||    80
Block: Shield            |    53 |   103 ||   156
